Avalanche vs Rangers
(R1)
Created - November 5, 2019 at 19:33
Goals
|
| Avalanche |
0 |
0 |
3 |
0 |
1 |
3 |
| Rangers |
0 |
0 |
3 |
0 |
2 |
4 |
|
Shots
|
| Avalanche |
10 |
6 |
22 |
1 |
3 |
39 |
| Rangers |
2 |
11 |
14 |
6 |
3 |
33 |
|
1st period
No Goal
Penalties :
Mark Fistric (NYR) for Holding (Minor) at 6:39, Colten Teubert (NYR) for Hooking (Minor) at 11:17, James Neal (NYR) for High sticking (Minor) at 17:28
2nd period
No Goal
Penalties :
Mikkel Boedker (Col) for High sticking (Minor) at 0:34, Danny Richmond (Col) for Hooking (Minor) at 7:10, Luke Schenn (NYR) for Holding (Minor) at 14:49, Gustav Nyquist (NYR) for Tripping (Minor) at 18:30
3rd period
1. Avalanche , Mikkel Boedker 2 (Bryan Little 7) at 0:22 (PP)
2. Avalanche , Mikkel Boedker 3 (Patric Hornqvist 4, Mattias Ekholm 2) at 8:38
3. Rangers , Jakob Silfverberg 4 (Milan Lucic 5, Patrice Bergeron 7) at 10:03 (PP)
4. Avalanche , Patric Hornqvist 5 (Mikkel Boedker 8, Jack Johnson 5) at 10:26
5. Rangers , Jakob Silfverberg 5 (Patrice Bergeron 8, Alexei Emelin 1) at 13:17
6. Rangers , Milan Lucic 7 (Jakob Silfverberg 5, Luke Schenn 5) at 18:48 (PP)
Penalties :
Patrice Bergeron (NYR) for Tripping (Minor) at 3:44, Danny Richmond (Col) for Hooking (Minor) at 9:45, Milan Lucic (NYR) for Holding (Minor) at 10:27, Andrew Ladd (Col) for Diving (Minor) at 18:15
Overtime #1
No Goal
Penalties :
No Penalty
Shootout
Avalanche, Mikkel Boedker - Shot Misses the Net
Rangers, Milan Lucic - Goal!
Avalanche, Patric Hornqvist - Goal!
Rangers, Patrice Bergeron - Stopped by Semyon Varlamov
Avalanche, Bryan Little - Stopped by Frederik Andersen
Rangers, Jakob Silfverberg - Goal!
Penalties :
No Penalty
Goalie Stats
Semyon Varlamov (Col), 30 saves from 33 shots - (0.909), OTL, 3-2-1, 65:00 minutes
Frederik Andersen (NYR), 36 saves from 39 shots - (0.923), W, 4-0-0, 64:58 minutes
Players Stats for Avalanche
Player Name G A P +/- PIM S H SB GA TA FO MP PP MP PK MP
------------------------------------------------------------------------------------
Alexander Radulov 0 0 0 0 0 3 1 0 0 0 0/0 16:47 6:01 0:00
Andrei Kostitsyn 0 0 0 0 0 1 2 0 0 0 0/1 17:35 6:01 0:42
Andrew Ladd 0 0 0 0 2 1 2 0 0 0 0/0 14:20 0:31 2:06
Bryan Little 0 1 1 1 0 2 1 0 0 0 10/30 22:22 7:24 0:00
Charlie Coyle 0 0 0 0 0 3 0 0 0 0 3/13 13:01 0:00 2:54
Damien Brunner 0 0 0 0 0 3 1 0 0 0 0/0 12:07 0:00 1:26
Danny Richmond 0 0 0 0 4 1 0 4 0 1 0/0 15:52 0:00 0:37
Darren Reid 0 0 0 0 0 1 0 0 0 0 0/0 8:16 0:10 1:15
Dmitry Kulikov 0 0 0 1 0 1 2 2 0 0 0/0 27:28 5:41 3:01
Jack Johnson 0 1 1 1 0 3 3 1 1 1 0/0 27:21 8:05 1:27
Kyle Turris 0 0 0 0 0 1 1 0 0 0 0/0 7:39 0:00 1:15
Marc Staal 0 0 0 0 0 1 2 0 0 4 0/0 27:18 8:05 3:22
Matt Moulson 0 0 0 0 0 0 0 0 0 0 0/0 7:41 0:22 0:00
Mattias Ekholm 0 1 1 0 0 1 0 0 0 0 0/0 13:13 0:00 0:59
Mikkel Boedker 2 1 3 1 2 9 2 0 4 0 3/5 23:30 7:26 0:00
Patric Hornqvist 1 1 2 1 0 2 3 0 0 1 0/0 23:25 7:22 0:00
Paul Stastny 0 0 0 0 0 3 3 1 0 1 5/18 18:04 6:01 0:00
Steven Kampfer 0 0 0 0 0 3 0 3 0 0 0/0 19:08 5:41 0:12
Players Stats for Rangers
Player Name G A P +/- PIM S H SB GA TA FO MP PP MP PK MP
------------------------------------------------------------------------------------
Alexei Emelin 0 1 1 1 0 1 1 1 0 0 0/0 11:51 0:00 1:39
Cam Barker 0 0 0 -2 0 1 3 2 2 0 0/0 32:35 2:30 8:19
Chris Bourque 0 0 0 -1 0 0 1 0 0 1 0/0 16:43 0:00 2:43
Colten Teubert 0 0 0 1 2 1 1 0 0 1 0/0 10:29 0:00 0:00
Gustav Nyquist 0 0 0 0 2 1 0 1 0 0 1/1 10:31 0:00 3:17
Jakob Silfverberg 2 1 3 0 0 7 1 0 0 0 4/5 19:33 3:00 3:47
James Neal 0 0 0 0 2 3 1 1 0 0 0/0 13:31 1:49 0:00
Kyle Okposo 0 0 0 0 0 1 3 0 0 0 0/1 18:12 1:49 3:47
Luke Schenn 0 1 1 -2 2 6 0 1 2 3 0/0 29:32 2:30 7:08
Mark Fistric 0 0 0 0 2 0 2 0 0 0 0/0 20:27 2:19 4:18
Matt Greene 0 0 0 0 0 3 0 0 1 0 0/0 21:54 2:19 5:17
Matt Read 0 0 0 -1 0 0 2 0 1 0 0/0 12:49 0:00 0:00
Maxime Sauvé 0 0 0 0 0 0 0 0 0 0 6/7 6:27 0:00 0:00
Milan Lucic 1 1 2 0 2 4 0 1 1 0 14/19 27:39 3:00 6:02
Patrice Bergeron 0 2 2 0 2 3 3 0 1 0 12/21 24:44 3:00 6:35
Patrik Nemeth 0 0 0 0 0 0 0 0 0 0 0/0 3:22 0:00 0:51
Sean Couturier 0 0 0 0 0 0 2 0 0 0 6/8 15:11 1:49 1:21
Tomas Hertl 0 0 0 -1 0 2 1 0 0 0 3/5 10:37 0:00 0:00
3 Stars
1 - Jakob Silfverberg (NYR)
2 - Mikkel Boedker (Col)
3 - Patric Hornqvist (Col)
Power Play
Avalanche - 1 on 7 Attempt(s) - 14.29%
Rangers - 2 on 4 Attempt(s) - 50.00%
Penalty Kill
Avalanche - 2 on 4 Attempt(s) - 50.00%
- Score 0 goal in Penalty Kill
Rangers - 6 on 7 Attempt(s) - 85.71%
- Score 0 goal in Penalty Kill
Team Stat
Avalanche - Hits : 23 - Faceoff Wins : 21 - Blocked Shots : 11 - Penalty Minutes : 8
Rangers - Hits : 21 - Faceoff Wins : 46 - Blocked Shots : 7 - Penalty Minutes : 14
Official
Referees : Unknown
Linesman : Unknown
Game Notes
No Game Note
Finance
Level 1 -- Attendance: 5595 (93.25%) -- Ticket Income $531,525
Level 2 -- Attendance: 4988 (99.76%) -- Ticket Income $299,280
Level 3 -- Attendance: 1884 (94.20%) -- Ticket Income $65,940
Level 4 -- Attendance: 4000 (100.00%) -- Ticket Income $100,000
Luxury Box -- Attendance: 923 (92.30%) -- Ticket Income $166,140
Game was played at the Madison Square Garden.
Total Attendance: 17390 (96.61%)
Total Ticket Income: $1,162,885
Other Income: $174,433
Total Income: $1,337,318
Avalanche
5 vs 5 Forward
Center Left Wing Right Wing Time % Phy DF OF
1 Bryan Little Mikkel Boedker Patric Hornqvist 40 1 2 2
2 Paul Stastny Andrei Kostitsyn Alexander Radulov 30 1 2 2
3 Charlie Coyle Andrew Ladd Damien Brunner 20 1 2 2
4 Kyle Turris Matt Moulson Darren Reid 10 1 2 2
5 vs 5 Defense
Defense Defense Time % Phy DF OF
1 Jack Johnson Dmitry Kulikov 40 1 2 2
2 Marc Staal Danny Richmond 35 1 2 2
3 Mattias Ekholm Steven Kampfer 25 1 2 2
4 Jack Johnson Marc Staal 0 1 2 2
PowerPlay Forward
Center Left Wing Right Wing Time % Phy DF OF
1 Bryan Little Mikkel Boedker Patric Hornqvist 60 1 2 2
2 Paul Stastny Andrei Kostitsyn Alexander Radulov 40 1 2 2
PowerPlay Defense
Defense Defense Time % Phy DF OF
1 Jack Johnson Marc Staal 60 1 2 2
2 Dmitry Kulikov Steven Kampfer 40 1 2 2
Penalty Kill 4 Players Forward
Center Wing Time % Phy DF OF
1 Charlie Coyle Andrew Ladd 60 1 2 2
2 Darren Reid Kyle Turris 40 1 2 2
Penalty Kill 4 Players Defense
Defense Defense Time % Phy DF OF
1 Dmitry Kulikov Marc Staal 60 1 2 2
2 Jack Johnson Danny Richmond 40 1 2 2
Penalty Kill - 3 Players Forward
Forward Time % Phy DF OF
1 Mikkel Boedker 60 1 2 2
2 Patric Hornqvist 40 1 2 2
Penalty Kill - 3 Players Defense
Defense Defense Time % Phy DF OF
1 Jack Johnson Marc Staal 60 1 2 2
2 Dmitry Kulikov Danny Richmond 40 1 2 2
4 vs 4 Forward
Center Wing Time % Phy DF OF
1 Mikkel Boedker Patric Hornqvist 60 1 2 2
2 Bryan Little Paul Stastny 40 1 2 2
4 vs 4 Defense
Defense Defense Time % Phy DF OF
1 Jack Johnson Marc Staal 60 1 2 2
2 Dmitry Kulikov Danny Richmond 40 1 2 2
Last Minutes Offensive
Center Left Wing Right Wing Defense Defense
Bryan Little Mikkel Boedker Patric Hornqvist Jack Johnson Marc Staal
Last Minutes Defensive
Center Left Wing Right Wing Defense Defense
Paul Stastny Andrew Ladd Patric Hornqvist Jack Johnson Marc Staal
Goaltenders
Starting : Semyon Varlamov
Backup : Mike Brodeur
Extra Forwards
Normal : Andrew Ladd, Matt Moulson, Damien Brunner - PP : Andrew Ladd, Matt Moulson - PK : Damien Brunner
Extra Defensemen
Normal : Dmitry Kulikov, Mattias Ekholm, Danny Richmond - PP : Dmitry Kulikov - PK : Mattias Ekholm, Danny Richmond
Penalty Shots
Mikkel Boedker, Patric Hornqvist, Bryan Little, Paul Stastny, Andrei Kostitsyn
Scratches
Erik Karlsson (Healthy)
Rangers
5 vs 5 Forward
Center Left Wing Right Wing Time % Phy DF OF
1 Patrice Bergeron Milan Lucic Jakob Silfverberg 40 1 2 2
2 Sean Couturier James Neal Kyle Okposo 30 1 2 2
3 Tomas Hertl Chris Bourque Matt Read 20 1 2 2
4 Maxime Sauvé Milan Lucic Gustav Nyquist 10 1 2 2
5 vs 5 Defense
Defense Defense Time % Phy DF OF
1 Cam Barker Luke Schenn 40 1 2 2
2 Mark Fistric Matt Greene 30 1 2 2
3 Colten Teubert Alexei Emelin 20 1 2 2
4 Patrik Nemeth Cam Barker 10 1 2 2
PowerPlay Forward
Center Left Wing Right Wing Time % Phy DF OF
1 Patrice Bergeron Milan Lucic Jakob Silfverberg 60 1 2 2
2 Sean Couturier James Neal Kyle Okposo 40 1 2 2
PowerPlay Defense
Defense Defense Time % Phy DF OF
1 Cam Barker Luke Schenn 60 1 2 2
2 Mark Fistric Matt Greene 40 1 2 2
Penalty Kill 4 Players Forward
Center Wing Time % Phy DF OF
1 Milan Lucic Patrice Bergeron 60 1 2 2
2 Jakob Silfverberg Kyle Okposo 40 1 2 2
Penalty Kill 4 Players Defense
Defense Defense Time % Phy DF OF
1 Cam Barker Luke Schenn 60 1 2 2
2 Mark Fistric Matt Greene 40 1 2 2
Penalty Kill - 3 Players Forward
Forward Time % Phy DF OF
1 Milan Lucic 60 1 2 2
2 Patrice Bergeron 40 1 2 2
Penalty Kill - 3 Players Defense
Defense Defense Time % Phy DF OF
1 Cam Barker Luke Schenn 60 1 2 2
2 Mark Fistric Matt Greene 40 1 2 2
4 vs 4 Forward
Center Wing Time % Phy DF OF
1 Milan Lucic Patrice Bergeron 60 1 2 2
2 Jakob Silfverberg Kyle Okposo 40 1 2 2
4 vs 4 Defense
Defense Defense Time % Phy DF OF
1 Cam Barker Luke Schenn 60 1 2 2
2 Mark Fistric Matt Greene 40 1 2 2
Last Minutes Offensive
Center Left Wing Right Wing Defense Defense
Patrice Bergeron Milan Lucic Jakob Silfverberg Cam Barker Luke Schenn
Last Minutes Defensive
Center Left Wing Right Wing Defense Defense
Patrice Bergeron Milan Lucic Jakob Silfverberg Cam Barker Luke Schenn
Goaltenders
Starting : Frederik Andersen
Backup : Mike Condon
Extra Forwards
Normal : Matt Read, Chris Bourque, Gustav Nyquist - PP : Matt Read, Chris Bourque - PK : Gustav Nyquist
Extra Defensemen
Normal : Colten Teubert, Alexei Emelin, Patrik Nemeth - PP : Colten Teubert - PK : Alexei Emelin, Patrik Nemeth
Penalty Shots
Milan Lucic, Patrice Bergeron, Jakob Silfverberg, Kyle Okposo, James Neal
Scratches
Magnus Paajarvi-Svensson (Healthy)
% Time on Ice - Avalanche
Lines # - Real PCT - Wanted PCT - Time Play
Normal Forward
1 - 34% - 40% - 14:08
2 - 27% - 30% - 11:08
3 - 24% - 20% - 10:07
4 - 15% - 10% - 6:02
Normal Defense
1 - 38% - 40% - 15:40
2 - 35% - 35% - 14:32
3 - 27% - 25% - 11:13
4 - 0% - 0% - 0:00
PP Forward
1 - 56% - 60% - 7:45
2 - 44% - 40% - 6:01
PP Defense
1 - 59% - 60% - 8:05
2 - 41% - 40% - 5:41
PK Forward
1 - 74% - 60% - 3:34
2 - 26% - 40% - 1:15
PK Defense
1 - 66% - 60% - 3:10
2 - 34% - 40% - 1:39
PK3 Forward
1 - 0% - 60%
2 - 0% - 40%
PK3 Defense
1 - 0% - 60%
2 - 0% - 40%
44 Forward
1 - 74% - 60% - 3:43
2 - 26% - 40% - 1:17
44 Defense
1 - 52% - 60% - 2:35
2 - 48% - 40% - 2:25
Last Minute Offensive - 0:00
Last Minute Defensive - 0:00
Total
Forward - 65:00
Defense - 65:00
|
% Time on Ice - Rangers
Lines # - Real PCT - Wanted PCT - Time Play
Normal Forward
1 - 31% - 40% - 12:45
2 - 28% - 30% - 11:36
3 - 26% - 20% - 10:37
4 - 16% - 10% - 6:27
Normal Defense
1 - 41% - 40% - 17:10
2 - 31% - 30% - 12:39
3 - 23% - 20% - 9:41
4 - 5% - 10% - 1:55
PP Forward
1 - 62% - 60% - 3:00
2 - 38% - 40% - 1:49
PP Defense
1 - 52% - 60% - 2:30
2 - 48% - 40% - 2:19
PK Forward
1 - 73% - 60% - 9:59
2 - 27% - 40% - 3:47
PK Defense
1 - 62% - 60% - 8:29
2 - 38% - 40% - 5:17
PK3 Forward
1 - 0% - 60%
2 - 0% - 40%
PK3 Defense
1 - 0% - 60%
2 - 0% - 40%
44 Forward
1 - 80% - 60% - 4:00
2 - 20% - 40% - 1:00
44 Defense
1 - 67% - 60% - 3:21
2 - 33% - 40% - 1:39
Last Minute Offensive - 0:00
Last Minute Defensive - 0:00
Total
Forward - 65:00
Defense - 65:00
|
Play-by-Play
1st period
0:01 of 1st period - Patrice Bergeron wins face-off versus Bryan Little in neutral zone.
0:27 of 1st period - Paul Stastny is hit by Kyle Okposo and loses puck.
0:38 of 1st period - Snap shot by Kyle Okposo.
0:38 of 1st period - Shot Misses the Net.
0:55 of 1st period - Jack Johnson is hit by Mark Fistric.
1:16 of 1st period - Icing by Alexei Emelin.
1:17 of 1st period - Maxime Sauvé wins face-off versus Bryan Little in Rangers zone.
3:26 of 1st period - Milan Lucic is hit by Jack Johnson and loses puck.
4:29 of 1st period - Off-side.
4:30 of 1st period - Sean Couturier wins face-off versus Andrei Kostitsyn in neutral zone.
5:41 of 1st period - Backhand shot by James Neal.
5:41 of 1st period - Deflect By Kyle Okposo.
5:41 of 1st period - Shot Misses the Net.
5:41 of 1st period - Puck is out of play.
5:42 of 1st period - Jakob Silfverberg wins face-off versus Bryan Little in Avalanche zone.
5:49 of 1st period - Wrist shot by Jakob Silfverberg.
5:49 of 1st period - Stopped by Semyon Varlamov without a rebound.
5:50 of 1st period - Milan Lucic wins face-off versus Bryan Little in Avalanche zone.
6:16 of 1st period - Wrist shot by Mikkel Boedker.
6:16 of 1st period - Stopped by Frederik Andersen with a rebound.
6:18 of 1st period - Slapshot by Mattias Ekholm.
6:18 of 1st period - Stopped by Frederik Andersen with a rebound.
6:20 of 1st period - Slapshot by Bryan Little.
6:20 of 1st period - Shot Misses the Net.
6:22 of 1st period - Slapshot by Steven Kampfer.
6:22 of 1st period - Stopped by Frederik Andersen with a rebound.
6:39 of 1st period - Minor Penalty to Mark Fistric for Holding.
6:40 of 1st period - Milan Lucic wins face-off versus Paul Stastny in Rangers zone.
6:52 of 1st period - Cam Barker is hit by Alexander Radulov and loses puck.
7:18 of 1st period - Cam Barker is hit by Marc Staal and loses puck.
8:25 of 1st period - Patrik Nemeth is hit by Patric Hornqvist and loses puck.
8:39 of 1st period - Penalty to Mark Fistric is over, Mark Fistric is back on ice.
8:42 of 1st period - Kyle Okposo is hit by Andrew Ladd and loses puck.
10:04 of 1st period - Jakob Silfverberg is hit by Paul Stastny and loses puck.
10:19 of 1st period - Slapshot by Andrew Ladd.
10:19 of 1st period - Stopped by Frederik Andersen without a rebound.
10:20 of 1st period - Tomas Hertl wins face-off versus Charlie Coyle in Rangers zone.
10:44 of 1st period - Patric Hornqvist is hit by James Neal and loses puck.
11:04 of 1st period - Marc Staal is hit by Alexei Emelin and loses puck.
11:17 of 1st period - Minor Penalty to Colten Teubert for Hooking.
11:18 of 1st period - Milan Lucic wins face-off versus Bryan Little in Rangers zone.
11:31 of 1st period - Wrist shot by Mikkel Boedker.
11:31 of 1st period - Stopped by Frederik Andersen with a rebound.
11:33 of 1st period - Slapshot by Patric Hornqvist.
11:33 of 1st period - Deflect By Cam Barker.
11:33 of 1st period - Stopped by Frederik Andersen without a rebound.
11:34 of 1st period - Milan Lucic wins face-off versus Bryan Little in Rangers zone.
13:17 of 1st period - Penalty to Colten Teubert is over, Colten Teubert is back on ice.
14:14 of 1st period - James Neal is hit by Andrew Ladd and loses puck.
14:25 of 1st period - Darren Reid is hit by Jakob Silfverberg and loses puck.
14:32 of 1st period - Matt Greene is hit by Kyle Turris and loses puck.
15:02 of 1st period - Mattias Ekholm is hit by Sean Couturier and loses puck.
15:20 of 1st period - Slapshot by Dmitry Kulikov.
15:20 of 1st period - Shot Misses the Net.
16:11 of 1st period - Slapshot by Cam Barker.
16:11 of 1st period - Deflect By Mikkel Boedker.
16:11 of 1st period - Stopped by Semyon Varlamov with a rebound.
17:28 of 1st period - Minor Penalty to James Neal for High sticking.
17:29 of 1st period - Milan Lucic wins face-off versus Bryan Little in Rangers zone.
17:40 of 1st period - Milan Lucic is hit by Mikkel Boedker and loses puck.
18:33 of 1st period - Slapshot by Bryan Little.
18:33 of 1st period - Stopped by Frederik Andersen with a rebound.
18:35 of 1st period - Snap shot by Steven Kampfer.
18:35 of 1st period - Stopped by Frederik Andersen without a rebound.
18:36 of 1st period - Paul Stastny wins face-off versus Jakob Silfverberg in Rangers zone.
18:37 of 1st period - Slapshot by Jack Johnson.
18:37 of 1st period - Shot Blocked by Cam Barker.
18:39 of 1st period - Snap shot by Paul Stastny.
18:39 of 1st period - Stopped by Frederik Andersen without a rebound.
18:40 of 1st period - Jakob Silfverberg wins face-off versus Paul Stastny in Rangers zone.
18:40 of 1st period - Jakob Silfverberg is hit by Paul Stastny.
18:50 of 1st period - Wrist shot by Andrei Kostitsyn.
18:50 of 1st period - Stopped by Frederik Andersen without a rebound.
18:51 of 1st period - Milan Lucic wins face-off versus Paul Stastny in Rangers zone.
19:28 of 1st period - Penalty to James Neal is over, James Neal is back on ice.
19:50 of 1st period - Wrist shot by Sean Couturier.
19:50 of 1st period - Shot Misses the Net.
Goals for this period are 0 for Avalanche vs 0 for Rangers.
Shots for this period are 10 for Avalanche vs 2 for Rangers.
2nd period
0:01 of 2nd period - Patrice Bergeron wins face-off versus Bryan Little in neutral zone.
0:04 of 2nd period - Slapshot by Luke Schenn.
0:04 of 2nd period - Stopped by Semyon Varlamov without a rebound.
0:05 of 2nd period - Mikkel Boedker wins face-off versus Patrice Bergeron in Avalanche zone.
0:05 of 2nd period - Mikkel Boedker is hit by Patrice Bergeron.
0:13 of 2nd period - Icing by Cam Barker.
0:14 of 2nd period - Patrice Bergeron wins face-off versus Bryan Little in Rangers zone.
0:34 of 2nd period - Minor Penalty to Mikkel Boedker for High sticking.
0:35 of 2nd period - Milan Lucic wins face-off versus Charlie Coyle in Avalanche zone.
0:41 of 2nd period - Wrist shot by Jakob Silfverberg.
0:41 of 2nd period - Shot Misses the Net.
0:45 of 2nd period - Wrist shot by Jakob Silfverberg.
0:45 of 2nd period - Stopped by Semyon Varlamov with a rebound.
2:29 of 2nd period - Patrice Bergeron is hit by Marc Staal.
2:34 of 2nd period - Penalty to Mikkel Boedker is over, Mikkel Boedker is back on ice.
2:59 of 2nd period - Slapshot by Paul Stastny.
2:59 of 2nd period - Stopped by Frederik Andersen without a rebound.
3:00 of 2nd period - Maxime Sauvé wins face-off versus Paul Stastny in Rangers zone.
3:34 of 2nd period - Off-side.
3:35 of 2nd period - Bryan Little wins face-off versus Patrice Bergeron in neutral zone.
3:50 of 2nd period - Snap shot by Milan Lucic.
3:50 of 2nd period - Stopped by Semyon Varlamov without a rebound.
3:51 of 2nd period - Paul Stastny wins face-off versus Kyle Okposo in Avalanche zone.
3:51 of 2nd period - Paul Stastny is hit by Sean Couturier.
4:24 of 2nd period - Snap shot by Patrice Bergeron.
4:24 of 2nd period - Stopped by Semyon Varlamov with a rebound.
4:26 of 2nd period - Slapshot by Patrice Bergeron.
4:26 of 2nd period - Stopped by Semyon Varlamov with a rebound.
4:28 of 2nd period - Slapshot by Mark Fistric.
4:28 of 2nd period - Shot Misses the Net.
4:50 of 2nd period - Snap shot by Charlie Coyle.
4:50 of 2nd period - Stopped by Frederik Andersen without a rebound.
4:51 of 2nd period - Patrice Bergeron wins face-off versus Paul Stastny in Rangers zone.
4:51 of 2nd period - Patrice Bergeron is hit by Paul Stastny.
5:35 of 2nd period - Slapshot by Jakob Silfverberg.
5:35 of 2nd period - Shot Misses the Net.
5:37 of 2nd period - Slapshot by Luke Schenn.
5:37 of 2nd period - Stopped by Semyon Varlamov with a rebound.
5:39 of 2nd period - Wrist shot by Patrice Bergeron.
5:39 of 2nd period - Deflect By Marc Staal.
5:39 of 2nd period - Shot Blocked by Danny Richmond.
5:39 of 2nd period - Puck is out of play.
5:40 of 2nd period - Sean Couturier wins face-off versus Bryan Little in Avalanche zone.
6:21 of 2nd period - Snap shot by Alexander Radulov.
6:21 of 2nd period - Shot Misses the Net.
6:35 of 2nd period - Wrist shot by Maxime Sauvé.
6:35 of 2nd period - Shot Misses the Net.
6:37 of 2nd period - Slapshot by Milan Lucic.
6:37 of 2nd period - Shot Misses the Net.
6:47 of 2nd period - Damien Brunner is hit by Matt Read and loses puck.
7:10 of 2nd period - Minor Penalty to Danny Richmond for Hooking.
7:11 of 2nd period - Charlie Coyle wins face-off versus Patrice Bergeron in Avalanche zone.
9:05 of 2nd period - Slapshot by Darren Reid.
9:05 of 2nd period - Shot Hit the Post.
9:10 of 2nd period - Penalty to Danny Richmond is over, Danny Richmond is back on ice.
9:37 of 2nd period - Snap shot by Milan Lucic.
9:37 of 2nd period - Shot Blocked by Steven Kampfer.
9:43 of 2nd period - Wrist shot by Mikkel Boedker.
9:43 of 2nd period - Shot Misses the Net.
9:54 of 2nd period - Steven Kampfer is hit by Chris Bourque and loses puck.
10:07 of 2nd period - Snap shot by Andrei Kostitsyn.
10:07 of 2nd period - Deflect By Alexander Radulov.
10:07 of 2nd period - Stopped by Frederik Andersen without a rebound.
10:08 of 2nd period - Bryan Little wins face-off versus Patrice Bergeron in Rangers zone.
10:35 of 2nd period - Jack Johnson is hit by Matt Read and loses puck.
10:59 of 2nd period - Matt Greene is hit by Andrei Kostitsyn and loses puck.
11:55 of 2nd period - Slapshot by Kyle Turris.
11:55 of 2nd period - Stopped by Frederik Andersen with a rebound.
12:44 of 2nd period - Slapshot by Luke Schenn.
12:44 of 2nd period - Stopped by Semyon Varlamov without a rebound.
12:45 of 2nd period - Maxime Sauvé wins face-off versus Paul Stastny in Avalanche zone.
12:46 of 2nd period - Slapshot by Gustav Nyquist.
12:46 of 2nd period - Stopped by Semyon Varlamov without a rebound.
12:47 of 2nd period - Maxime Sauvé wins face-off versus Paul Stastny in Avalanche zone.
13:12 of 2nd period - Cam Barker is hit by Patric Hornqvist and loses puck.
13:42 of 2nd period - Wrist shot by Sean Couturier.
13:42 of 2nd period - Shot Blocked by Jack Johnson.
14:07 of 2nd period - Slapshot by Paul Stastny.
14:07 of 2nd period - Stopped by Frederik Andersen without a rebound.
14:08 of 2nd period - Paul Stastny wins face-off versus Tomas Hertl in Rangers zone.
14:09 of 2nd period - Snap shot by Alexander Radulov.
14:09 of 2nd period - Shot Misses the Net.
14:29 of 2nd period - Matt Read is hit by Andrei Kostitsyn and loses puck.
14:36 of 2nd period - Wrist shot by Luke Schenn.
14:36 of 2nd period - Shot Blocked by Steven Kampfer.
14:38 of 2nd period - Slapshot by Matt Greene.
14:38 of 2nd period - Shot Misses the Net.
14:40 of 2nd period - Slapshot by Matt Greene.
14:40 of 2nd period - Stopped by Semyon Varlamov with a rebound.
14:42 of 2nd period - Wrist shot by Chris Bourque.
14:42 of 2nd period - Shot Misses the Net.
14:44 of 2nd period - Snap shot by Tomas Hertl.
14:44 of 2nd period - Stopped by Semyon Varlamov with a rebound.
14:46 of 2nd period - Wrist shot by Tomas Hertl.
14:46 of 2nd period - Stopped by Semyon Varlamov without a rebound.
14:47 of 2nd period - Patrice Bergeron wins face-off versus Bryan Little in Avalanche zone.
14:49 of 2nd period - Minor Penalty to Luke Schenn for Holding.
14:50 of 2nd period - Bryan Little wins face-off versus Milan Lucic in Rangers zone.
14:51 of 2nd period - Snap shot by Mikkel Boedker.
14:51 of 2nd period - Stopped by Frederik Andersen without a rebound.
14:52 of 2nd period - Milan Lucic wins face-off versus Bryan Little in Rangers zone.
15:05 of 2nd period - Wrist shot by Patric Hornqvist.
15:05 of 2nd period - Shot Misses the Net.
16:49 of 2nd period - Penalty to Luke Schenn is over, Luke Schenn is back on ice.
16:56 of 2nd period - Slapshot by Matt Moulson.
16:56 of 2nd period - Shot Misses the Net.
16:58 of 2nd period - Slapshot by Dmitry Kulikov.
16:58 of 2nd period - Shot Blocked by James Neal.
17:00 of 2nd period - Wrist shot by Darren Reid.
17:00 of 2nd period - Shot Misses the Net.
18:00 of 2nd period - Jakob Silfverberg is hit by Bryan Little and loses puck.
18:30 of 2nd period - Minor Penalty to Gustav Nyquist for Tripping.
18:31 of 2nd period - Milan Lucic wins face-off versus Bryan Little in Rangers zone.
19:24 of 2nd period - Bryan Little is hit by Cam Barker and loses puck.
Goals for this period are 0 for Avalanche vs 0 for Rangers.
Shots for this period are 6 for Avalanche vs 11 for Rangers.
3rd period
0:01 of 3rd period - Milan Lucic wins face-off versus Bryan Little in neutral zone.
0:04 of 3rd period - Slapshot by Luke Schenn.
0:04 of 3rd period - Deflect By Bryan Little.
0:04 of 3rd period - Stopped by Semyon Varlamov with a rebound.
0:14 of 3rd period - Snap shot by Jack Johnson.
0:14 of 3rd period - Stopped by Frederik Andersen without a rebound.
0:15 of 3rd period - Bryan Little wins face-off versus Milan Lucic in Rangers zone.
0:20 of 3rd period - Wrist shot by Mikkel Boedker.
0:20 of 3rd period - Stopped by Frederik Andersen without a rebound.
0:21 of 3rd period - Bryan Little wins face-off versus Milan Lucic in Rangers zone.
0:22 of 3rd period - Slapshot by Mikkel Boedker.
0:22 of 3rd period - Goal by Mikkel Boedker - Avalanche : 1 - Rangers : 0.
0:23 of 3rd period - Bryan Little wins face-off versus Patrice Bergeron in neutral zone.
0:23 of 3rd period - Bryan Little is hit by Patrice Bergeron.
0:27 of 3rd period - Cam Barker is hit by Patric Hornqvist.
0:46 of 3rd period - Icing by Patrice Bergeron.
0:47 of 3rd period - Paul Stastny wins face-off versus Sean Couturier in Rangers zone.
1:27 of 3rd period - Icing by Chris Bourque.
1:28 of 3rd period - Tomas Hertl wins face-off versus Paul Stastny in Rangers zone.
1:54 of 3rd period - Off-side.
1:55 of 3rd period - Patrice Bergeron wins face-off versus Bryan Little in neutral zone.
2:00 of 3rd period - Slapshot by Matt Greene.
2:00 of 3rd period - Shot Blocked by Danny Richmond.
2:02 of 3rd period - Slapshot by Mark Fistric.
2:02 of 3rd period - Shot Blocked by Danny Richmond.
2:04 of 3rd period - Snap shot by Jakob Silfverberg.
2:04 of 3rd period - Shot Misses the Net.
2:06 of 3rd period - Snap shot by Milan Lucic.
2:06 of 3rd period - Shot Misses the Net.
2:22 of 3rd period - Marc Staal is hit by Kyle Okposo and loses puck.
2:53 of 3rd period - Snap shot by Bryan Little.
2:53 of 3rd period - Stopped by Frederik Andersen with a rebound.
2:55 of 3rd period - Wrist shot by Steven Kampfer.
2:55 of 3rd period - Shot Misses the Net.
2:57 of 3rd period - Backhand shot by Steven Kampfer.
2:57 of 3rd period - Deflect By Kyle Okposo.
2:57 of 3rd period - Stopped by Frederik Andersen with a rebound.
2:59 of 3rd period - Snap shot by Mikkel Boedker.
2:59 of 3rd period - Shot Misses the Net.
3:13 of 3rd period - Slapshot by Mikkel Boedker.
3:13 of 3rd period - Shot Misses the Net.
3:15 of 3rd period - Slapshot by Danny Richmond.
3:15 of 3rd period - Stopped by Frederik Andersen without a rebound.
3:16 of 3rd period - Paul Stastny wins face-off versus Patrice Bergeron in Rangers zone.
3:17 of 3rd period - Snap shot by Alexander Radulov.
3:17 of 3rd period - Shot Misses the Net.
3:19 of 3rd period - Snap shot by Marc Staal.
3:19 of 3rd period - Shot Misses the Net.
3:21 of 3rd period - Slapshot by Marc Staal.
3:21 of 3rd period - Stopped by Frederik Andersen without a rebound.
3:22 of 3rd period - Patrice Bergeron wins face-off versus Paul Stastny in Rangers zone.
3:27 of 3rd period - Patrice Bergeron is hit by Dmitry Kulikov and loses puck.
3:36 of 3rd period - Wrist shot by Alexander Radulov.
3:36 of 3rd period - Stopped by Frederik Andersen with a rebound.
3:38 of 3rd period - Backhand shot by Dmitry Kulikov.
3:38 of 3rd period - Stopped by Frederik Andersen with a rebound.
3:44 of 3rd period - Minor Penalty to Patrice Bergeron for Tripping.
3:45 of 3rd period - Milan Lucic wins face-off versus Paul Stastny in Rangers zone.
4:02 of 3rd period - Snap shot by Alexander Radulov.
4:02 of 3rd period - Shot Blocked by Gustav Nyquist.
4:18 of 3rd period - Snap shot by Mikkel Boedker.
4:18 of 3rd period - Stopped by Frederik Andersen with a rebound.
5:19 of 3rd period - Mikkel Boedker is hit by Kyle Okposo and loses puck.
5:44 of 3rd period - Penalty to Patrice Bergeron is over, Patrice Bergeron is back on ice.
5:46 of 3rd period - Patrice Bergeron is hit by Jack Johnson and loses puck.
6:23 of 3rd period - Patrice Bergeron is hit by Jack Johnson and loses puck.
6:34 of 3rd period - Backhand shot by Patrice Bergeron.
6:34 of 3rd period - Stopped by Semyon Varlamov without a rebound.
6:35 of 3rd period - Maxime Sauvé wins face-off versus Charlie Coyle in Avalanche zone.
7:18 of 3rd period - Wrist shot by Kyle Okposo.
7:18 of 3rd period - Stopped by Semyon Varlamov without a rebound.
7:19 of 3rd period - Maxime Sauvé wins face-off versus Paul Stastny in Avalanche zone.
7:22 of 3rd period - Snap shot by Gustav Nyquist.
7:22 of 3rd period - Shot Misses the Net.
7:24 of 3rd period - Wrist shot by Matt Greene.
7:24 of 3rd period - Stopped by Semyon Varlamov without a rebound.
7:25 of 3rd period - Bryan Little wins face-off versus Maxime Sauvé in Avalanche zone.
7:42 of 3rd period - Gustav Nyquist is hit by Dmitry Kulikov and loses puck.
8:02 of 3rd period - Off-side.
8:03 of 3rd period - Sean Couturier wins face-off versus Paul Stastny in neutral zone.
8:12 of 3rd period - Snap shot by James Neal.
8:12 of 3rd period - Shot Misses the Net.
8:14 of 3rd period - Slapshot by Cam Barker.
8:14 of 3rd period - Shot Misses the Net.
8:16 of 3rd period - Slapshot by Cam Barker.
8:16 of 3rd period - Shot Blocked by Steven Kampfer.
8:18 of 3rd period - Slapshot by Luke Schenn.
8:18 of 3rd period - Stopped by Semyon Varlamov with a rebound.
8:38 of 3rd period - Snap shot by Mikkel Boedker.
8:38 of 3rd period - Goal by Mikkel Boedker - Avalanche : 2 - Rangers : 0.
8:39 of 3rd period - Patrice Bergeron wins face-off versus Bryan Little in neutral zone.
8:42 of 3rd period - Patric Hornqvist is hit by Cam Barker and loses puck.
9:45 of 3rd period - Minor Penalty to Danny Richmond for Hooking.
9:46 of 3rd period - Patrice Bergeron wins face-off versus Charlie Coyle in Avalanche zone.
9:57 of 3rd period - Snap shot by Jakob Silfverberg.
9:57 of 3rd period - Stopped by Semyon Varlamov without a rebound.
9:58 of 3rd period - Patrice Bergeron wins face-off versus Charlie Coyle in Avalanche zone.
10:01 of 3rd period - Wrist shot by Milan Lucic.
10:01 of 3rd period - Deflect By Jakob Silfverberg.
10:01 of 3rd period - Stopped by Semyon Varlamov with a rebound.
10:03 of 3rd period - Snap shot by Jakob Silfverberg.
10:03 of 3rd period - Goal by Jakob Silfverberg - Avalanche : 2 - Rangers : 1.
10:04 of 3rd period - Jakob Silfverberg wins face-off versus Bryan Little in neutral zone.
10:12 of 3rd period - Off-side.
10:13 of 3rd period - Bryan Little wins face-off versus Patrice Bergeron in neutral zone.
10:20 of 3rd period - Wrist shot by Mikkel Boedker.
10:20 of 3rd period - Stopped by Frederik Andersen with a rebound.
10:22 of 3rd period - Snap shot by Mikkel Boedker.
10:22 of 3rd period - Shot Misses the Net.
10:24 of 3rd period - Wrist shot by Mikkel Boedker.
10:24 of 3rd period - Stopped by Frederik Andersen with a rebound.
10:26 of 3rd period - Snap shot by Patric Hornqvist.
10:26 of 3rd period - Goal by Patric Hornqvist - Avalanche : 3 - Rangers : 1.
10:27 of 3rd period - Patrice Bergeron wins face-off versus Bryan Little in neutral zone.
10:27 of 3rd period - Minor Penalty to Milan Lucic for Holding.
10:28 of 3rd period - Gustav Nyquist wins face-off versus Bryan Little in Rangers zone.
10:28 of 3rd period - Gustav Nyquist is hit by Mikkel Boedker.
10:45 of 3rd period - Snap shot by Bryan Little.
10:45 of 3rd period - Shot Blocked by Luke Schenn.
12:27 of 3rd period - Penalty to Milan Lucic is over, Milan Lucic is back on ice.
12:35 of 3rd period - Wrist shot by Damien Brunner.
12:35 of 3rd period - Shot Blocked by Milan Lucic.
12:37 of 3rd period - Slapshot by Andrew Ladd.
12:37 of 3rd period - Shot Misses the Net.
12:39 of 3rd period - Snap shot by Charlie Coyle.
12:39 of 3rd period - Stopped by Frederik Andersen without a rebound.
12:40 of 3rd period - Sean Couturier wins face-off versus Charlie Coyle in Rangers zone.
12:47 of 3rd period - Slapshot by Alexei Emelin.
12:47 of 3rd period - Deflect By James Neal.
12:47 of 3rd period - Stopped by Semyon Varlamov without a rebound.
12:48 of 3rd period - Sean Couturier wins face-off versus Charlie Coyle in Avalanche zone.
13:01 of 3rd period - Wrist shot by Damien Brunner.
13:01 of 3rd period - Shot Misses the Net.
13:03 of 3rd period - Slapshot by Mattias Ekholm.
13:03 of 3rd period - Shot Misses the Net.
13:13 of 3rd period - Wrist shot by Jakob Silfverberg.
13:13 of 3rd period - Stopped by Semyon Varlamov with a rebound.
13:15 of 3rd period - Slapshot by Alexei Emelin.
13:15 of 3rd period - Stopped by Semyon Varlamov with a rebound.
13:17 of 3rd period - Wrist shot by Patrice Bergeron.
13:17 of 3rd period - Deflect By Jakob Silfverberg.
13:17 of 3rd period - Goal by Jakob Silfverberg - Avalanche : 3 - Rangers : 2.
13:18 of 3rd period - Bryan Little wins face-off versus Patrice Bergeron in neutral zone.
13:27 of 3rd period - Slapshot by Mikkel Boedker.
13:27 of 3rd period - Shot Misses the Net.
14:56 of 3rd period - Slapshot by James Neal.
14:56 of 3rd period - Stopped by Semyon Varlamov with a rebound.
15:18 of 3rd period - Snap shot by Alexander Radulov.
15:18 of 3rd period - Stopped by Frederik Andersen with a rebound.
15:34 of 3rd period - Slapshot by Damien Brunner.
15:34 of 3rd period - Stopped by Frederik Andersen without a rebound.
15:35 of 3rd period - Tomas Hertl wins face-off versus Charlie Coyle in Rangers zone.
15:35 of 3rd period - Tomas Hertl is hit by Damien Brunner.
15:57 of 3rd period - Snap shot by Charlie Coyle.
15:57 of 3rd period - Shot Blocked by Alexei Emelin.
15:59 of 3rd period - Snap shot by Andrew Ladd.
15:59 of 3rd period - Shot Misses the Net.
16:01 of 3rd period - Snap shot by Charlie Coyle.
16:01 of 3rd period - Stopped by Frederik Andersen without a rebound.
16:02 of 3rd period - Bryan Little wins face-off versus Sean Couturier in Rangers zone.
16:30 of 3rd period - Kyle Turris is hit by Tomas Hertl and loses puck.
16:39 of 3rd period - Wrist shot by Matt Read.
16:39 of 3rd period - Shot Blocked by Danny Richmond.
16:41 of 3rd period - Slapshot by Cam Barker.
16:41 of 3rd period - Shot Misses the Net.
17:11 of 3rd period - Charlie Coyle is hit by Mark Fistric.
17:15 of 3rd period - Wrist shot by Damien Brunner.
17:15 of 3rd period - Stopped by Frederik Andersen without a rebound.
17:16 of 3rd period - Sean Couturier wins face-off versus Bryan Little in Rangers zone.
18:00 of 3rd period - Slapshot by Jack Johnson.
18:00 of 3rd period - Stopped by Frederik Andersen with a rebound.
18:02 of 3rd period - Snap shot by Damien Brunner.
18:02 of 3rd period - Stopped by Frederik Andersen without a rebound.
18:03 of 3rd period - Milan Lucic wins face-off versus Charlie Coyle in Rangers zone.
18:05 of 3rd period - Icing by Patrice Bergeron.
18:06 of 3rd period - Patrice Bergeron wins face-off versus Charlie Coyle in Rangers zone.
18:15 of 3rd period - Minor Penalty to Andrew Ladd for Diving.
18:16 of 3rd period - Charlie Coyle wins face-off versus Patrice Bergeron in Avalanche zone.
18:16 of 3rd period - Charlie Coyle is hit by Cam Barker.
18:35 of 3rd period - Charlie Coyle is hit by Patrice Bergeron and loses puck.
18:46 of 3rd period - Rangers, Frederik Andersen is pulled from the net.
18:46 of 3rd period - Snap shot by Jakob Silfverberg.
18:46 of 3rd period - Shot Blocked by Dmitry Kulikov.
18:48 of 3rd period - Snap shot by Milan Lucic.
18:48 of 3rd period - Goal by Milan Lucic - Avalanche : 3 - Rangers : 3.
18:48 of 3rd period - Frederik Andersen from Rangers was sent back in the game.
18:49 of 3rd period - Charlie Coyle wins face-off versus Tomas Hertl in neutral zone.
19:20 of 3rd period - Snap shot by Jack Johnson.
19:20 of 3rd period - Shot Blocked by Cam Barker.
19:22 of 3rd period - Snap shot by Darren Reid.
19:22 of 3rd period - Stopped by Frederik Andersen with a rebound.
Goals for this period are 3 for Avalanche vs 3 for Rangers.
Shots for this period are 22 for Avalanche vs 14 for Rangers.
Overtime #1
0:01 of 1st overtime period - Mikkel Boedker wins face-off versus Milan Lucic in neutral zone.
0:04 of 1st overtime period - Snap shot by Jack Johnson.
0:04 of 1st overtime period - Stopped by Frederik Andersen with a rebound.
0:12 of 1st overtime period - Slapshot by Milan Lucic.
0:12 of 1st overtime period - Stopped by Semyon Varlamov without a rebound.
0:13 of 1st overtime period - Milan Lucic wins face-off versus Mikkel Boedker in Avalanche zone.
0:14 of 1st overtime period - Snap shot by Patrice Bergeron.
0:14 of 1st overtime period - Shot Misses the Net.
1:00 of 1st overtime period - Snap shot by Matt Read.
1:00 of 1st overtime period - Shot Blocked by Dmitry Kulikov.
1:02 of 1st overtime period - Slapshot by Luke Schenn.
1:02 of 1st overtime period - Stopped by Semyon Varlamov without a rebound.
1:03 of 1st overtime period - Milan Lucic wins face-off versus Paul Stastny in Avalanche zone.
1:48 of 1st overtime period - Slapshot by Kyle Okposo.
1:48 of 1st overtime period - Shot Blocked by Paul Stastny.
1:50 of 1st overtime period - Slapshot by Matt Greene.
1:50 of 1st overtime period - Shot Misses the Net.
1:52 of 1st overtime period - Slapshot by Matt Greene.
1:52 of 1st overtime period - Stopped by Semyon Varlamov with a rebound.
2:22 of 1st overtime period - Wrist shot by Matt Moulson.
2:22 of 1st overtime period - Shot Misses the Net.
3:57 of 1st overtime period - Andrew Ladd is hit by Colten Teubert and loses puck.
4:02 of 1st overtime period - Snap shot by James Neal.
4:02 of 1st overtime period - Stopped by Semyon Varlamov with a rebound.
4:04 of 1st overtime period - Slapshot by Alexei Emelin.
4:04 of 1st overtime period - Shot Misses the Net.
4:06 of 1st overtime period - Slapshot by Colten Teubert.
4:06 of 1st overtime period - Stopped by Semyon Varlamov with a rebound.
4:19 of 1st overtime period - Icing by Patrice Bergeron.
4:20 of 1st overtime period - Mikkel Boedker wins face-off versus Milan Lucic in Rangers zone.
4:29 of 1st overtime period - Slapshot by Milan Lucic.
4:29 of 1st overtime period - Stopped by Semyon Varlamov without a rebound.
4:30 of 1st overtime period - Jakob Silfverberg wins face-off versus Mikkel Boedker in Avalanche zone.
Goals for this period are 0 for Avalanche vs 0 for Rangers.
Shots for this period are 1 for Avalanche vs 6 for Rangers.
ShootOut
5:00 of 1st overtime period - Round #1.
5:00 of 1st overtime period - Avalanche, Mikkel Boedker.
5:00 of 1st overtime period - Wrist shot by Mikkel Boedker.
5:00 of 1st overtime period - Shot Misses the Net.
5:00 of 1st overtime period - Rangers, Milan Lucic.
5:00 of 1st overtime period - Wrist shot by Milan Lucic.
5:00 of 1st overtime period - Goal by Milan Lucic.
5:00 of 1st overtime period - Round #2.
5:00 of 1st overtime period - Avalanche, Patric Hornqvist.
5:00 of 1st overtime period - Snap shot by Patric Hornqvist.
5:00 of 1st overtime period - Goal by Patric Hornqvist.
5:00 of 1st overtime period - Rangers, Patrice Bergeron.
5:00 of 1st overtime period - Backhand shot by Patrice Bergeron.
5:00 of 1st overtime period - Stopped by Semyon Varlamov.
5:00 of 1st overtime period - Round #3.
5:00 of 1st overtime period - Avalanche, Bryan Little.
5:00 of 1st overtime period - Backhand shot by Bryan Little.
5:00 of 1st overtime period - Stopped by Frederik Andersen.
5:00 of 1st overtime period - Rangers, Jakob Silfverberg.
5:00 of 1st overtime period - Deke by Jakob Silfverberg.
5:00 of 1st overtime period - Goal by Jakob Silfverberg.
Back to the Top